 Dungeon Crawl Stone Soup version 0.16.1-18-g436b03c (webtiles) character file.

20811 lorenzova the Covert (level 12, -18/51 HPs)
             Began as a Spriggan Enchanter on May 4, 2015.
             Was a High Priest of Dithmenos.
             Demolished by a hill giant
             ... wielding a +2 great mace of flaming
              (36 damage)
             ... in a volcano.
             The game lasted 00:46:52 (17269 turns).

lorenzova the Covert (Spriggan Enchanter)          Turns: 17269, Time: 00:46:53

Health: -18/51     AC:  4    Str:  7    XL:     12   Next: 48%
Magic:  10/33      EV: 30    Int: 17    God:    Dithmenos [*****.]
Gold:   773        SH:  0    Dex: 18    Spells: 3 memorised, 22 levels left

rFire  . . .     SeeInvis +     O - +1 short sword (elec)
rCold  + + .     Clarity  .     i - +0 robe {rC+}
rNeg   . . .     SustAb   +     (shield restricted)
rPois  +         Gourm    .     (helmet restricted)
rElec  .         Spirit   .     J - +1 cloak {rPois}
rCorr  +         Warding  .     (gloves unavailable)
rMut   .         Stasis   .     (boots unavailable)
MR     ++...                    C - amulet of resist corrosion
Stlth  ++++++++++               j - ring of sustain abilities
                                D - ring of protection from cold

@: flying, wreathed by umbra, studying Staves, very quick, very resistant to
hostile enchantments, uncannily stealthy
A: unfitting armour, see invisible, herbivore 3, speed 3, slow metabolism 2
a: Shadow Step, Shadow Form, Renounce Religion


You were in a volcano.
You worshipped Dithmenos.
Dithmenos was extremely pleased with you.
You were not hungry.

You visited 3 branches of the dungeon, and saw 14 of its levels.
You also visited: Labyrinth and Volcano.

You collected 773 gold pieces.

Inventory:

Hand weapons
 v - a +1 dagger of draining
 O - a +1 short sword of electrocution (weapon)
Armour
 b - a +1 robe
 i - a +0 robe of cold resistance (worn)
 J - a +1 cloak of poison resistance (worn)
Rods
 X - a +9 lightning rod (14/14)
   (You found it in a labyrinth)
Jewellery
 j - a ring of sustain abilities (right hand)
 t - an uncursed amulet of warding
 C - an amulet of resist corrosion (around neck)
 D - a ring of protection from cold (left hand)
 H - an uncursed ring of ice
Magical devices
 x - a wand of lightning (6)
 y - a wand of confusion (6)
 T - a wand of enslavement (7)
 U - a wand of invisibility (0)
 W - a wand of lightning (4)
 Y - a wand of disintegration (10)
Scrolls
 a - 4 scrolls of teleportation
 g - 5 scrolls of amnesia
 l - 4 scrolls of remove curse
 p - 2 scrolls of blinking
 q - 3 scrolls of fog
 r - a scroll of identify
 s - a scroll of acquirement {unknown}
 u - 2 scrolls of enchant weapon
 w - 4 scrolls of enchant armour
 E - a scroll of brand weapon
 F - 4 scrolls of recharging
 M - a scroll of magic mapping
 S - 2 scrolls of fear
Potions
 e - a potion of resistance
 f - 8 potions of curing
 h - 2 potions of might
 k - 5 potions of restore abilities
 m - 2 potions of flight
 n - a potion of invisibility
 o - a potion of mutation
 A - a potion of agility
 B - a potion of haste
 G - a potion of heal wounds {unknown}
 I - a potion of cancellation {unknown}
 K - 2 potions of brilliance {unknown}
 L - a potion of degeneration {unknown}
 N - 2 potions of lignification {unknown}
 P - a potion of cure mutation {unknown}
 Q - a potion of magic
Books
 c - a book of Maledictions

   Spells                             Type                      Level
   a - Corona                         Hexes                        1
   b - Sure Blade                     Hexes/Charms                 2
   c - Ensorcelled Hibernation        Hexes/Ice                    2
   d - Confuse                        Hexes                        3
   e - Dazzling Spray                 Conjuration/Hexes            3
   f - Enslavement                    Hexes                        4
 V - a manual of Staves
Comestibles
 d - 5 bread rations
 z - 3 fruits
 R - 7 slices of pizza


   Skills:
 - Level 10.4 Short Blades
 - Level 13.4 Dodging
 + Level 14.0 Stealth
 + Level 10.1 Spellcasting
 + Level 9.9 Hexes
 - Level 5.2 Invocations
 - Level 7.4 Evocations


You had 22 spell levels left.
You knew the following spells:

 Your Spells              Type           Power        Failure   Level  Hunger
a - Enslavement           Hex            #####...     1%          4    ###....
b - Ensorcelled Hibernat  Hex/Ice        ####..       1%          2    None
c - Confuse               Hex            #####...     1%          3    None


Dungeon Overview and Level Annotations

Branches:
Dungeon (12/15)            Temple (1/1) D:5            Lair (1/8) D:10
    Orc (0/4) D:12

Altars:
Ashenzari
Cheibriados
Dithmenos
Elyvilon
Fedhas
Gozag
Kikubaaqudgha
Makhleb
Nemelex Xobeh
Okawaru
Qazlal
Ru
Sif Muna
Trog
Vehumet
Xom
Yredelemnul
Zin
The Shining One

Shops:
D:4 :   D:7 :   D:9 (


Innate Abilities, Weirdness & Mutations

You are tiny and cannot use many weapons and most armour.
You have supernaturally acute eyesight.
You are a herbivore.
You cover ground extremely quickly.
You need consume almost no food.


Message History

You hit the ogre.
There is a sudden explosion of sparks!
The ogre is heavily wounded.
The ogre completely misses you.
You hit the ogre.
The ogre is severely wounded.
You barely miss the ogre.
The ogre is severely wounded.
The ogre completely misses you.
You hit the ogre.
There is a sudden explosion of sparks!
You kill the ogre!
Dithmenos accepts your kill.
Casting: Confuse
Confirm with . or Enter, or press ? or * to list all spells.
Aiming: Confuse
Press: ? - help, Shift-Dir - straight line, f - hill giant
Aim: a hill giant, wielding a great mace of flaming (umbra, chance 50%)
The hill giant appears confused.
The hill giant hits you with a great mace of flaming!!!
Ouch! That really hurt!
You die...

####### ≈≈§≈ § +.....+ ≈≈≈§≈≈≈.#
#.8_8.# ≈§≈≈≈≈≈.# #.....#
§§§§§≈≈.## #'# §≈§§≈≈§.#. #)#
§≈§§§§§.# #.# ≈≈≈§§≈§.# #C#
≈≈≈§§≈§.# #@# ≈§≈§§≈§.# #.#
§§§§§§§.# #.#
§≈§≈≈§§§########'#######
§≈≈≈§§§≈§.§...........§§§.≈
§≈≈≈§§≈≈§§§≈≈.§≈§§≈≈≈.§§≈≈≈≈≈
§≈≈≈§§≈§≈≈≈§§§≈§≈≈≈≈≈§§§≈§§≈§≈≈≈≈
≈≈≈≈§§§§≈≈≈§≈§≈≈§≈§≈§§§§§§§≈§§§§§
≈≈≈≈≈§§§§≈≈§§§§§≈≈§§§§§≈≈§≈≈§§§≈≈


You could see a hill giant (confused).

Vanquished Creatures
  A minotaur (Lab)
  A hydra (Lair:1)
  Nessos (D:12)
  Erica (D:11)
  An ogre mage (Volcano)
  2 skeletal warriors (D:11)
  3 hill giants
  2 cyclopes
  A manticore (D:12)
  Joseph (Lair:1)
  2 centaur zombies
  Psyche (D:8)
  A kobold demonologist (D:11)
  A komodo dragon (Lair:1)
  A troll (D:10)
  Grinder (D:6)
  2 two-headed ogres
  2 steam dragons
  2 wyverns
  A deep elf fighter (D:10)
  Eustachio (D:4)
  23 yaks
  A wraith (D:12)
  A hungry ghost (D:6)
  A deep elf mage (D:8)
  A warg (D:12)
  A water moccasin (Lair:1)
  5 wolves (Lair:1)
  A sky beast (D:8)
  A porcupine (Lair:1)
  A phantom (D:9)
  An eye of draining (D:6)
  5 ogres
  8 orc warriors
  4 ice beasts
  12 giant frogs
  A wyvern zombie (D:11)
  6 big kobolds
  3 scorpions
  16 wights
  8 killer bees (D:12)
  6 crimson imps
  A goliath beetle (D:8)
  A giant frog zombie (D:5)
  2 quasits
  13 orc priests
  3 giant frog skeletons
  5 hounds
  A gnoll shaman (D:8)
  4 jellies
  Crazy Yiuf (D:7)
  3 centaur skeletons
  3 iguanas
  12 orc wizards
  2 lava snakes (Volcano)
  12 worker ants
  2 sheep (D:8)
  A killer bee zombie (D:6)
  A hound skeleton (D:10)
  9 gnolls
  13 adders
  8 river rats (Lair:1)
  3 shadow imps
  2 worms
  An adder skeleton (D:8)
  3 adder zombies
  7 giant geckos
  48 orcs
  2 bat skeletons
  A bat zombie (D:7)
  7 giant cockroaches
  11 hobgoblins
  6 jackals
  43 kobolds
  5 quokkas
  18 bats
  A giant gecko skeleton (D:6)
  A giant gecko zombie (D:5)
  6 giant newts
  A giant spore (D:9)
  14 goblins
  A jackal zombie (D:5)
  An orc zombie (D:5)
  A quokka zombie (D:5)
  18 rats
  A ballistomycete (D:9)
434 creatures vanquished.

Notes
Turn   | Place    | Note
--------------------------------------------------------------
     0 | D:1      | lorenzova, the Spriggan Enchanter, began the quest for the Orb.
     0 | D:1      | Reached XP level 1. HP: 9/9 MP: 4/4
   151 | D:1      | Reached XP level 2. HP: 11/13 MP: 8/8
   155 | D:1      | Learned a level 2 spell: Ensorcelled Hibernation
  1227 | D:2      | Reached XP level 3. HP: 14/16 MP: 11/11
  1232 | D:2      | Learned a level 3 spell: Confuse
  1869 | D:2      | Reached XP level 4. HP: 11/21 MP: 2/15
  2137 | D:2      | Found a sparkling altar of Nemelex Xobeh.
  3553 | D:4      | Reached skill level 5 in Spellcasting
  3553 | D:4      | Reached skill level 5 in Hexes
  3802 | D:4      | Noticed Eustachio
  3829 | D:4      | Killed Eustachio
  3829 | D:4      | Reached skill level 6 in Hexes
  3829 | D:4      | Reached XP level 5. HP: 20/24 MP: 14/20
  3874 | D:4      | Found a stormy altar of Qazlal.
  3883 | D:4      | Reached XP level 6. HP: 26/28 MP: 18/21
  4015 | D:4      | Found Kadul's Book Shop.
  4365 | D:4      | Reached skill level 7 in Hexes
  4622 | D:4      | Reached XP level 7. HP: 32/32 MP: 24/24
  4843 | D:5      | Entered Level 5 of the Dungeon
  5638 | D:5      | Found a staircase to the Ecumenical Temple.
  5648 | Temple   | Entered the Ecumenical Temple
  6019 | D:6      | Noticed Grinder
  6034 | D:6      | Reached skill level 5 in Stealth
  6623 | D:6      | Reached skill level 8 in Spellcasting
  6684 | D:6      | Found a bloodstained altar of Trog.
  6692 | D:6      | Reached XP level 8. HP: 36/36 MP: 12/27
  6776 | D:6      | Killed Grinder
  6923 | D:6      | Found a shadowy altar of Dithmenos.
  6942 | D:6      | Became a worshipper of Dithmenos the Shadowed
  7084 | D:6      | Reached skill level 9 in Spellcasting
  7856 | D:7      | Noticed Crazy Yiuf
  7864 | D:7      | Killed Crazy Yiuf
  7982 | D:7      | Found Feqaumal's Book Emporium.
  8250 | D:7      | Reached XP level 9. HP: 30/39 MP: 26/29
  8508 | D:8      | Noticed Psyche
  8523 | D:8      | Killed Psyche
  8523 | D:8      | Reached skill level 5 in Dodging
  9181 | D:8      | Noticed a cyclops
  9194 | D:8      | Acquired Dithmenos' first power
  9225 | D:8      | Killed a cyclops
  9225 | D:8      | Reached skill level 5 in Short Blades
  9407 | D:8      | Found a basalt altar of Yredelemnul.
  9847 | D:9      | Reached XP level 10. HP: 44/44 MP: 31/31
 10137 | D:9      | Reached skill level 10 in Stealth
 10142 | D:9      | Acquired Dithmenos' second power
 10176 | D:9      | Found Ugualomi's Antique Weapon Shoppe.
 10687 | D:10     | Entered Level 10 of the Dungeon
 10944 | D:10     | Reached skill level 10 in Dodging
 11092 | D:10     | Reached skill level 11 in Stealth
 11671 | D:10     | Found a staircase to the Lair.
 11697 | D:10     | Reached XP level 11. HP: 47/47 MP: 28/32
 12158 | D:10     | Acquired Dithmenos' third power
 12749 | D:11     | Reached skill level 12 in Dodging
 13076 | D:11     | Noticed a hill giant
 13080 | D:11     | Killed a hill giant
 13152 | D:11     | Noticed a skeletal warrior
 13152 | D:11     | Noticed a skeletal warrior
 13152 | D:11     | Noticed a skeletal warrior
 13153 | D:11     | Noticed a skeletal warrior
 13157 | D:11     | Killed a skeletal warrior
 13160 | D:11     | Killed a skeletal warrior
 13454 | D:11     | Noticed Erica
 13459 | D:11     | Killed Erica
 13820 | D:12     | Noticed Nessos
 13833 | D:12     | Killed Nessos
 13833 | D:12     | Reached skill level 13 in Dodging
 13853 | D:12     | Found a labyrinth entrance.
 13860 | Lab      | Entered a labyrinth
 13982 | Lab      | Noticed a minotaur
 14000 | Lab      | Killed a minotaur
 14000 | Lab      | Reached skill level 10 in Short Blades
 14721 | D:12     | Reached skill level 1 in Invocations
 14721 | D:12     | Reached skill level 1 in Evocations
 14807 | D:12     | Noticed a hill giant
 14880 | D:12     | Found a staircase to the Orcish Mines.
 15011 | D:12     | Killed a hill giant
 15131 | D:12     | Noticed a hill giant
 15145 | D:12     | Killed a hill giant
 15169 | D:12     | Acquired Dithmenos' fourth power
 15169 | D:12     | Reached XP level 12. HP: 41/51 MP: 24/33
 15745 | D:12     | Reached skill level 5 in Evocations
 16392 | Lair:1   | Entered Level 1 of the Lair of Beasts
 16413 | Lair:1   | Noticed a six-headed hydra
 16440 | Lair:1   | Noticed Joseph
 16444 | Lair:1   | Killed a six-headed hydra
 16452 | Lair:1   | Killed Joseph
 16452 | Lair:1   | Reached skill level 5 in Invocations
 16652 | Lair:1   | Found a burning altar of Makhleb.
 16766 | Lair:1   | Learned a level 4 spell: Enslavement
 16843 | Lair:1   | Found a dark tunnel.
 16971 | Volcano  | Entered a volcano
 17240 | Volcano  | Found a burning altar of Makhleb.
 17255 | Volcano  | Reached skill level 14 in Stealth
 17255 | Volcano  | Reached skill level 10 in Spellcasting
 17269 | Volcano  | Demolished by a hill giant

Action                   |  1- 3 |  4- 6 |  7- 9 | 10-12 || total
-------------------------+-------+-------+-------+-------++-------
Melee: Dagger            |    96 |   129 |   495 |    54 ||   774
       Short sword       |       |       |       |   777 ||   777
 Cast: Ensorcelled Hiber |     4 |     6 |    27 |    37 ||    74
       Confuse           |     4 |    11 |    50 |    96 ||   161
Evoke: Wand              |       |       |       |    13 ||    13
  Use: Scroll            |     8 |     3 |     6 |    10 ||    27
       Potion            |       |       |       |     1 ||     1
 Stab: Sleeping          |    11 |    13 |    29 |    57 ||   110
       Confused          |     3 |     5 |    32 |    36 ||    76
       Distracted        |       |     1 |       |     6 ||     7
  Eat: Fruit             |       |     3 |     1 |     3 ||     7
       Bread ration      |       |       |     2 |       ||     2
       Pizza             |       |       |       |     1 ||     1
